 Dungeon Crawl Stone Soup version 0.32-a0-40-g2adb59ae06 (webtiles) character file.

Game seed: 9583157578880985945

37 mopl the Insei (level 3, -1/23 HPs)
             Began as an Octopode Shapeshifter on Jan 24, 2024.
             Slain by an adder (3 damage)
             ... on level 2 of the Dungeon.
             The game lasted 00:01:08 (492 turns).

mopl the Insei (Octopode Shapeshifter)               Turns: 492, Time: 00:01:09

Health: -1/23      AC:  1    Str: 13    XL:     3   Next: 39%
Magic:  3/3        EV: 13    Int: 12    God:
Gold:   45         SH:  0    Dex: 13    Spells: 2/2 levels left

rFire   . .          .
                       - Unarmed
rCold   . . .        e - orb {*Rage}
rNeg    . . .        (helmet currently unavailable)
rPois   .            (no amulet)
rElec   .            (no ring)
rCorr   .            (no ring)
SInv    .            (no ring)
Will    .....        (no ring)
Stlth   ++           (no ring)
HPRegen 0.23/turn    (no ring)
MPRegen 0.08/turn    (no ring)
                     (no ring)

%: random rage (20%)
@: beast-form, on berserk cooldown
A: beast (slay +1), almost no armour, amphibious, 8 rings, camouflage 1,
gelatinous body 1, (nimble swimmer 1), tentacles
a: Begin Untransformation


You were on level 2 of the Dungeon.
You were a hulking beast.
You visited 1 branch of the dungeon, and saw 2 of its levels.

You collected 45 gold pieces.

Inventory:

Missiles
 f - 2 poisoned darts (quivered)
Armour
 e - an orb of wrath (worn)
Talismans
 b - a beast talisman
 c - a flux talisman
Scrolls
 d - a scroll of poison {unknown}
 g - a scroll of blinking {unknown}
Potions
 a - a potion of lignification {!q}
 h - a potion of heal wounds {unknown}


   Skills:
 + Level 1.4 Fighting
 + Level 2.3 Dodging
 * Level 3.5 Unarmed Combat
 * Level 3.4 Shapeshifting


You had 2 spell levels left.
You didn't know any spells.
Your spell library contained the following spells:

 Spells                   Type           Power      Damage    Failure   Level
 Slow                     Hex            0%         N/A       32%         1
 Mercury Vapours          Alch/Air       0%         N/A       45%         2
 Confusing Touch          Hex            0%         N/A       69%         3
 Mephitic Cloud           Conj/Alch/Air  0%         N/A       69%         3
 Sigil of Binding         Hex            0%         N/A       69%         3
 Vampiric Draining        Necr           0%         2d6       69%         3
 Freezing Cloud           Conj/Ice/Air   0%         6-21      100%        5


Dungeon Overview and Level Annotations

Branches:
Dungeon (2/15)

Altars:


Innate Abilities, Weirdness & Mutations

You are a hulking beast.
Your limbs bulge with bestial killing power. (Slay +1)
You cannot wear most types of armour.
You are amphibious.
You can wear up to eight rings at the same time.
Your skin changes colour to match your surroundings (Stealth+).
Your rubbery body absorbs attacks. (AC +1, EV +1)
((You are camouflaged when in or above water. (Stealth+)))
You have tentacles for arms and can constrict up to eight enemies at once.


Message History

Things that are here:
a +0 short sword; 2 stones; a kobold corpse You feel your anger nearly subside.
You are no longer berserk.
You are exhausted.
You feel yourself slow down.
Things that are here:
a +0 short sword; 2 stones; a kobold corpse
Found a rapier.
You now have 45 gold pieces (gained 6).
You see here a +0 rapier.
A goblin comes into view. It is wielding a +0 dagger.
The goblin shouts!
You hear an angry hiss.
The goblin unwields a +0 dagger.
The goblin wields a +0 sling.
The goblin shoots a sling bullet.
The sling bullet closely misses you.
The goblin shoots a sling bullet.
The sling bullet hits you.
A ribbon worm comes into view.
The goblin shoots a sling bullet.
The sling bullet hits you.
You feel yourself speed up.
An adder comes into view.
The goblin unwields a +0 sling.
The goblin wields a +0 dagger.
The goblin hits you with a +0 dagger.
You tentacle-slap the goblin but do no damage.
You grab the goblin. You constrict the goblin. The goblin closely misses you.
You tentacle-slap the goblin. You squeeze the goblin.
You kill the goblin!
The ribbon worm expels a string of sticky webbing.
The stream of webbing hits you but does no damage.
You are caught in a web!
You are caught in a web!
You are caught in a web!
The web tears apart.
The adder bites you. The adder closely misses you.
Unknown command.
The adder bites you. The ribbon worm barely misses you.
A ball python comes into view.
The ribbon worm attacks as it pursues you!
The ribbon worm bites you!
* * * LOW HITPOINT WARNING * * *
The adder barely misses you. The adder attacks as it pursues you!
The adder bites you.
You die...

#.# ##.###.# #.#
##..# #.# #.(...#
##.###...#
###.##..##
##.......#
#.........#
#....###.#
...#.####.####.####
###...# #.##.).#
###.# #.##.#.# #..
#.##...# #..
#h##.### #S#..#
#.#..# #w...#
##)..# .....#
........#
...........#
.........#...


You could see a ribbon worm and an adder.

Vanquished Creatures
  2 ribbon worms (D:2)
  2 ball pythons (D:1)
  2 endoplasms (D:1)
  A giant cockroach (D:1)
  5 goblins
  4 hobgoblins
  2 quokkas (D:1)
  A bat (D:1)
  A frilled lizard (D:1)
  4 kobolds
  5 rats (D:1)
29 creatures vanquished.

Notes
Turn   | Place    | Note
-------+----------+-------------------------------------------
     0 | D:1      | mopl the Octopode Shapeshifter began the quest for the Orb.
     0 | D:1      | Reached XP level 1. HP: 13/13 MP: 1/1
   108 | D:1      | Reached XP level 2. HP: 13/18 MP: 2/2
   386 | D:2      | Reached XP level 3. HP: 23/23 MP: 3/3
   490 | D:2      | HP: 1/23 [ribbon worm (9)]
   492 | D:2      | Slain by an adder

Illustrated notes

Levels and vault maps discovered:
D:1:      wander_arrival_desolate, layout_rooms, minmay_tiny_reverse_x
D:2:      layout_rooms, hangedman_decor_clover_reticule

Action                     || total
---------------------------++-------
  Melee: Unarmed           ||    61
         Constrict         ||    16
         Tentacles         ||     9
 Armour: Skin              ||    33
  Dodge: Dodged            ||    33

Table legend: (Time is in decaauts)
 A = Elapsed time spent in this place.
 B = Non-inter-level travel time spent in this place.
 C = Inter-level travel time spent in this place.
 D = Time resting spent in this place.
 E = Time spent auto-exploring this place.
 F = Levels seen in this place.
 G = Mean time per level.
                   A        B        C        D        E       F      G
               +--------+--------+--------+--------+--------+-----+--------+
         Total |    509 |    502 |      7 |     50 |    242 |   2 |  254.5 |
       Dungeon |    509 |    502 |      7 |     50 |    242 |   2 |  254.5 |
               +--------+--------+--------+--------+--------+-----+--------+

Top non-repeatable levels by time:
     D:1: 377 daAuts
     D:2: 131 daAuts
